 Dungeon Crawl Stone Soup version 0.20.0-15-g7f486f2 (webtiles) character file.

419 Jannitor the Slasher (level 6, -14/44 HPs)
             Began as a Vampire Gladiator on June 11, 2017.
             Demolished by 2d6's ghost (17 damage)
             ... on level 4 of the Dungeon.
             The game lasted 00:05:23 (3076 turns).

Jannitor the Slasher (Vampire Gladiator)            Turns: 3076, Time: 00:05:23

Health: -14/44     AC:  3    Str: 18    XL:     6   Next: 62%
Magic:  6/6        EV: 15    Int: 11    God:
Gold:   178        SH:  0    Dex: 17    Spells: 5/5 levels left

rFire    . . .     SeeInvis +   a - +0 long sword
rCold    . . .     Gourm    .   (no shield)
rNeg     + . .     Faith    .   m - +0 robe {MR+}
rPois    .         Spirit   .   c - +0 helmet
rElec    .         Reflect  .   (no cloak)
rCorr    .         Harm     .   (no gloves)
MR       +....                  (no boots)
Stlth    ++........             (no amulet)
Regen    0.2/turn               (no ring)
MPRegen  0.1/turn               (no ring)

@: mighty, very slightly contaminated, invisible
A: fangs 3, see invisible, unbreathing
a: Bat Form


You were on level 4 of the Dungeon.
You were not thirsty.

You visited 1 branch of the dungeon, and saw 4 of its levels.

You collected 178 gold pieces.

Inventory:

Hand Weapons
 a - a +0 long sword (weapon)
Missiles
 d - 2 throwing nets (quivered)
Armour
 b - a +0 leather armour
 c - a +0 helmet (worn)
 m - a +0 robe of magic resistance (worn)
Jewellery
 k - an uncursed amulet of the gourmand {unknown}
Wands
 i - a wand of polymorph (4/24)
Scrolls
 f - a scroll of remove curse {unknown}
 g - 4 scrolls of identify {unknown}
 h - 2 scrolls of enchant weapon {unknown}
 l - a scroll of enchant armour {unknown}
 n - a scroll of magic mapping {unknown}
 p - a scroll of random uselessness {unknown}
Potions
 e - 7 potions of blood
 o - a potion of might


   Skills:
 - Level 1.7 Fighting
 * Level 6.4 Long Blades
 - Level 1.5 Throwing
 + Level 5.3 Dodging


You had 5 spell levels left.
You didn't know any spells.

Dungeon Overview and Level Annotations

Branches:
Dungeon (4/15)
 Temple: D:4-7

Altars:
Gozag
Kikubaaqudgha
Sif Muna
Yredelemnul

Annotations:
D:3 2 transporters, Menkaure
D:4 2d6's ghost, novice DDFi


Innate Abilities, Weirdness & Mutations

You have razor-sharp teeth.
You have supernaturally acute eyesight. (SInv)
You can survive without breathing.


Message History

Unknown command.
You feel much better. 2d6's ghost misses you.
You riposte.
You hit 2d6's ghost. 2d6's ghost is almost destroyed.
You closely miss 2d6's ghost.
You bite 2d6's ghost, but do no damage. 2d6's ghost is almost destroyed. 2d6's ghost barely misses you.
You closely miss 2d6's ghost. 2d6's ghost is almost destroyed. 2d6's ghost hits you!!
You barely miss 2d6's ghost. 2d6's ghost is almost destroyed. 2d6's ghost hits you!
You closely miss 2d6's ghost. 2d6's ghost is almost destroyed. 2d6's ghost hits you!
* * * LOW HITPOINT WARNING * * *
You barely miss 2d6's ghost. 2d6's ghost is almost destroyed. 2d6's ghost hits you!
You die...

...###
...
#o...#
...
+gg..#
..#
#Z...#
#$#
#<...#
#.#
####.#
#.# .#
#.# . #W#
< #@# ..
#.# #.#
#.# #.
#.# ..
#.# #.
#.#
####.##.#
......#.#


You could see 2d6's ghost.

Vanquished Creatures
  Sigmund (D:3)
  A hound (D:4)
  2 orc wizards
  Ijyb (D:3)
  Jessica (D:3)
  A gnoll (D:3)
  3 adders (D:3)
  3 worms
  3 dart slugs
  2 leopard geckos
  2 orcs (D:3)
  2 giant cockroaches (D:2)
  6 hobgoblins
  4 jackals
  8 kobolds
  2 quokkas
  A ball python (D:2)
  6 bats
  8 frilled lizards
  5 goblins
  A leopard gecko skeleton (D:4)
  7 rats
70 creatures vanquished.

Notes
Turn   | Place    | Note
-------+----------+-------------------------------------------
     0 | D:1      | Jannitor the Vampire Gladiator began the quest for the Orb.
     0 | D:1      | Reached XP level 1. HP: 16/16 MP: 1/1
   256 | D:1      | Reached XP level 2. HP: 22/22 MP: 2/2
   919 | D:2      | Reached XP level 3. HP: 27/27 MP: 3/3
   929 | D:2      | Reached skill level 4 in Long Blades
  1305 | D:3      | Noticed Jessica
  1321 | D:3      | Killed Jessica
  1321 | D:3      | Reached XP level 4. HP: 24/33 MP: 4/4
  1617 | D:3      | Noticed Sigmund
  1706 | D:3      | Noticed Ijyb
  1741 | D:3      | Killed Ijyb
  1822 | D:3      | Found a deep blue altar of Sif Muna.
  1860 | D:3      | Killed Sigmund
  1860 | D:3      | Reached skill level 5 in Long Blades
  1860 | D:3      | Reached skill level 5 in Dodging
  1860 | D:3      | Reached XP level 5. HP: 29/38 MP: 5/5
  1860 | D:3      | Reached XP level 6. HP: 33/44 MP: 6/6
  1862 | D:3      | Found a basalt altar of Yredelemnul.
  1862 | D:3      | Found an ancient bone altar of Kikubaaqudgha.
  1863 | D:3      | Noticed Menkaure
  1864 | D:3      | Found a transporter.
  1884 | D:3      | Found a transporter.
  2056 | D:3      | Reached skill level 6 in Long Blades
  2344 | D:3      | Found an opulent altar of Gozag.
  3044 | D:4      | Noticed 2d6's ghost (novice DDFi)
  3076 | D:4      | Demolished by 2d6's ghost

Skill      XL: |  1  2  3  4  5  6 |
---------------+-------------------+-----
Long Blades    | 4 5 6 |  6.4
Dodging        | 4 5 |  5.3
Fighting       | |  1.7
Throwing       | |  1.5

Action                   |  1- 3 |  4- 6 || total
-------------------------+-------+-------++-------
Melee: Long sword        |    85 |   124 ||   209
       Bite              |     7 |    13 ||    20
       Unarmed           |       |    22 ||    22
Throw: Throwing net      |     1 |     1 ||     2
  Use: Potion            |     1 |    16 ||    17
 Stab: Sleeping          |     1 |     3 ||     4
       Invisible         |       |     2 ||     2
Armor: Leather armour    |    14 |       ||    14
       Robe              |       |    17 ||    17
Dodge: Dodged            |    60 |    97 ||   157
       Rpst.: Long sword |    19 |    23 ||    42
